[Event "2026 Fred Maris Cup (Division B)"]
[Site "Woodvale, Perth WA AUS"]
[Date "2026.06.24"]
[Round "3"]
[White "Newbold, Christian"]
[Black "Boswarva, Ernest"]
[Result "0-1"]
[ECO "B07"]
[WhiteElo "1382"]
[BlackElo "1334"]
[PlyCount "102"]
[EventDate "2026.06.10"]
[EventType "tourn"]
[EventRounds "5"]
[EventCountry "AUS"]
[TimeControl "3600+30"]

1. e4 d6 2. d4 Nf6 3. Nc3 c6 4. Nf3 Bg4 5. Be2 Nbd7 6. O-O e5 7. dxe5 Nxe5 8.
Nxe5 Bxe2 9. Qxe2 dxe5 10. Bg5 Be7 11. Rad1 Qb6 12. b3 Rd8 13. Rxd8+ Bxd8 14.
Kh1 Qd4 15. Bxf6 Bxf6 16. Qd3 O-O 17. Qxd4 exd4 18. Ne2 Rd8 19. f4 d3 20. cxd3
Rxd3 21. e5 Be7 22. g4 Bb4 23. Ng3 g6 24. f5 Bc3 25. e6 fxe6 26. fxe6 Re3 27.
Rc1 Bf6 28. Rd1 Rxe6 29. a4 a5 30. Kg2 b5 31. axb5 cxb5 32. Rd5 Rb6 33. Ne4 Be7
34. g5 Kf7 35. Kf3 a4 36. bxa4 bxa4 37. Ra5 a3 38. Nf6 Bxf6 39. gxf6 Rxf6+ 40.
Ke4 g5 41. Rxg5 Ra6 42. Rg1 a2 43. Ra1 Kf6 44. Kd3 h5 45. Ke4 Kg5 46. Kf3 h4
47. Rg1+ Kf5 48. Ra1 Ra3+ 49. Kg2 Kg4 50. Kg1 h3 51. Kh1 Rb3 0-1

[Event "2026 Fred Maris Cup (Division B)"]
[Site "Woodvale, Perth WA AUS"]
[Date "2026.06.24"]
[Round "3"]
[White "Pass, Tony"]
[Black "Mohamed, Abdullah"]
[Result "1-0"]
[ECO "A80"]
[WhiteElo "1370"]
[BlackElo "1449"]
[PlyCount "83"]
[EventDate "2026.06.10"]
[EventType "tourn"]
[EventRounds "5"]
[EventCountry "AUS"]
[TimeControl "3600+30"]

1. d4 f5 2. Bg5 g6 3. e3 Bg7 4. Nc3 Nf6 5. Bxf6 Bxf6 6. Nf3 d6 7. Bc4 c6 8. Qd2
b5 9. Bb3 Nd7 10. a3 Bb7 11. Ne2 c5 12. c3 c4 13. Bc2 O-O 14. O-O-O Bxf3 15.
gxf3 e5 16. dxe5 Nxe5 17. Nf4 Nxf3 18. Qe2 Ng5 19. Rhg1 Qd7 20. h4 Ne6 21. h5
Nxf4 22. exf4 Kg7 23. Qf3 Rad8 24. Qh3 Be7 25. Rd5 Qe6 26. Qh1 a6 27. Re1 Qf6
28. Re3 Qh4 29. Qxh4 Bxh4 30. Rd2 gxh5 31. Rh3 Bf6 32. Rxh5 Kg6 33. Rxf5 Kg7
34. f3 Rh8 35. Rg2+ Kf7 36. Rh5 h6 37. Be4 Rc8 38. Re2 a5 39. Bd5+ Kf8 40. Re6
Bg7 41. Rf5+ Kg8 42. Rxh6# 1-0

[Event "2026 Fred Maris Cup (Division C)"]
[Site "Woodvale, Perth WA AUS"]
[Date "2026.06.24"]
[Round "3"]
[White "Gough, Sebastian"]
[Black "Walker, Colin"]
[Result "1-0"]
[ECO "D35"]
[WhiteElo "1244"]
[BlackElo "1325"]
[PlyCount "179"]
[EventDate "2026.06.10"]
[EventType "tourn"]
[EventRounds "5"]
[EventCountry "AUS"]
[TimeControl "3600+30"]

1. d4 d5 2. c4 c6 3. Nc3 Nf6 4. Bf4 e6 5. e3 Bd6 6. Bg3 Bxg3 7. hxg3 Nbd7 8.
cxd5 exd5 9. Bd3 Nb6 10. Qc2 h6 11. Nf3 Be6 12. Ng5 Qe7 13. O-O-O O-O-O 14.
Nxe6 fxe6 15. Kb1 Rdf8 16. Bb5 Ng4 17. Rdf1 Kb8 18. Bd3 Nf6 19. Na4 Nxa4 20.
Qxa4 Qc7 21. Qd1 g5 22. f4 g4 23. Rh4 h5 24. Rfh1 Qg7 25. Qc2 Rh6 26. f5 Re8
27. fxe6 Rxe6 28. Re1 Qg5 29. Qf2 Re8 30. Qf4+ Qxf4 31. gxf4 Ne4 32. Bxe4 Rxe4
33. g3 Re8 34. Kc2 Rf8 35. Kd3 Kc7 36. Reh1 Rfh8 37. e4 dxe4+ 38. Kxe4 Kd6 39.
Kd3 c5 40. dxc5+ Kxc5 41. Kc3 a5 42. a4 b6 43. f5 Kd5 44. b4 axb4+ 45. Kxb4 Ke5
46. Kb5 Kxf5 47. Rf1+ Ke5 48. Re1+ Kd6 49. Rc1 Kd7 50. Ka6 Ra8+ 51. Kb5 Rc8 52.
Rch1 Rc5+ 53. Kb4 Kc6 54. R1h2 Kb7 55. Rf2 Kc6 56. Rf8 Kd5 57. Rf5+ Kc6 58.
Rxc5+ bxc5+ 59. Kc4 Kb6 60. a5+ Kxa5 61. Kxc5 Ka4 62. Kd4 Kb4 63. Ke5 Kc4 64.
Kf5 Kd4 65. Kg5 Rh8 66. Rxh5 Rg8+ 67. Kf4 Rf8+ 68. Rf5 Rg8 69. Rg5 Rf8+ 70.
Kxg4 Ke4 71. Rg7 Ke5 72. Re7+ Kf6 73. Re4 Rg8+ 74. Kf3 Kf5 75. Rf4+ Ke5 76. g4
Ke6 77. Rf5 Ra8 78. Kf4 Rg8 79. g5 Rg7 80. Rf6+ Ke7 81. Kg4 Ke8 82. Kh5 Ke7 83.
Kh6 Rg8 84. Rf5 Ke6 85. Ra5 Kf7 86. Ra7+ Ke6 87. g6 Kf6 88. Ra6+ Ke7 89. Kh7
Rb8 90. g7 1-0

[Event "2026 Fred Maris Cup (Division C)"]
[Site "Woodvale, Perth WA AUS"]
[Date "2026.07.08"]
[Round "3"]
[White "Kereopa, Seth"]
[Black "Lanham, Bruce"]
[Result "1-0"]
[ECO "B28"]
[WhiteElo "1288"]
[BlackElo "1227"]
[PlyCount "46"]
[EventDate "2026.06.10"]
[EventType "tourn"]
[EventRounds "5"]
[EventCountry "AUS"]
[TimeControl "3600+30"]

1. e4 c5 2. Nf3 a6 3. c3 Nf6 4. Bc4 e6 5. e5 Nd5 6. Bxd5 exd5 7. d4 cxd4 8.
cxd4 Nc6 9. O-O d6 10. Nc3 dxe5 11. Re1 e4 12. Ne5 Be7 13. Re3 O-O 14. Qh5 Nxe5
15. Qxe5 Be6 16. Rg3 Bf6 17. Qh5 Bxd4 18. Bh6 Qb6 19. Rf1 Rad8 20. Ne2 Bf6 21.
Bxg7 Bxg7 22. Qh6 Qxb2 23. Rc1 Qf6 1-0

[Event "2026 Fred Maris Cup (Division D)"]
[Site "Woodvale, Perth WA AUS"]
[Date "2026.06.24"]
[Round "3"]
[White "Tyler, Jason"]
[Black "Lamb, Hannah"]
[Result "1-0"]
[ECO "B10"]
[WhiteElo "1183"]
[BlackElo "1114"]
[PlyCount "129"]
[EventDate "2026.06.10"]
[EventType "tourn"]
[EventRounds "5"]
[EventCountry "AUS"]
[TimeControl "3600+30"]

1. e4 c6 2. Nf3 d5 3. e5 Bg4 4. d4 e6 5. Be2 Ne7 6. h3 Bh5 7. c3 Nf5 8. g4 Nh4
9. gxh5 Ng2+ 10. Kd2 c5 11. Kc2 c4 12. Nbd2 Nf4 13. Bxc4 dxc4 14. Nxc4 Nxh5 15.
Be3 Qd7 16. Qe2 Be7 17. Rag1 O-O 18. Kb1 Nc6 19. Ncd2 Qd5 20. Rg4 f5 21. Rg2 f4
22. Rhg1 fxe3 23. fxe3 Rf7 24. Nh2 Raf8 25. Qxh5 Bf6 26. Qe2 Bh4 27. Ng4 Na5
28. Nh6+ Kh8 29. Nxf7+ Rxf7 30. Rf1 Qd7 31. Qh5 Rxf1+ 32. Nxf1 Be1 33. Qf3 Kg8
34. Rg4 Nc4 35. Rf4 h6 36. Rf8+ Kh7 37. Qe2 Qb5 38. Qc2+ g6 39. Qg2 Bd2 40.
Rf7+ Kh8 41. Rxb7 Na3+ 42. Ka1 Nc2+ 43. Kb1 Ne1 44. Qxd2 Qxb7 45. Qxe1 Qh1 46.
Qf2 Kg7 47. a3 a5 48. Qf6+ Kg8 49. Qxe6+ Kf8 50. Qf6+ Ke8 51. Qxg6+ Kd8 52.
Qf6+ Kc8 53. Ka2 a4 54. Qa6+ Kc7 55. Nd2 Qd5+ 56. Nc4 Qd7 57. Qa7+ Kd8 58.
Qxd7+ Kxd7 59. Nb6+ Ke6 60. Nxa4 h5 61. Nc5+ Ke7 62. d5 h4 63. d6+ Kd8 64. e6
Ke8 65. a4 1-0

[Event "2026 Fred Maris Cup (Division D)"]
[Site "Woodvale, Perth WA AUS"]
[Date "2026.06.24"]
[Round "3"]
[White "Powell, Darren"]
[Black "Owen, Geoffrey"]
[Result "1-0"]
[ECO "B02"]
[WhiteElo "1164"]
[BlackElo "1195"]
[PlyCount "92"]
[EventDate "2026.06.10"]
[EventType "tourn"]
[EventRounds "5"]
[EventCountry "AUS"]
[TimeControl "3600+30"]

1. e4 Nf6 2. Nc3 d5 3. e5 Ng4 4. d4 c6 5. Be2 h5 6. h3 e6 7. hxg4 Bb4 8. Qd3
Nd7 9. gxh5 c5 10. Bd2 c4 11. Qg3 Rh7 12. h6 g6 13. Nf3 Be7 14. Ng5 Bxg5 15.
Bxg5 Qb6 16. O-O-O a5 17. a4 Qc6 18. Nb5 Nb6 19. Qa3 f6 20. Nd6+ Kd7 21. Bxf6
Qxa4 22. Qxa4+ Nxa4 23. b3 Nc3 24. Rde1 Ra6 25. Kb2 a4 26. Kxc3 cxb3 27. cxb3
Rc6+ 28. Kb4 axb3 29. Kxb3 Rb6+ 30. Bb5+ Kc7 31. Rc1+ Kb8 32. Rxc8+ Ka7 33.
Ra1+ Ra6 34. Bxa6 bxa6 35. Bg7 Kb6 36. Ra8 Kc7 37. R1xa6 g5 38. Ne8+ Kd7 39.
Nf6+ Ke7 40. Nxh7 g4 41. Bf6+ Kf7 42. Rf8+ Kg6 43. Ra7 g3 44. Bg5 Kh5 45. fxg3
Kg6 46. Rg8+ Kh5 1-0

[Event "2026 Fred Maris Cup (Division E)"]
[Site "Woodvale, Perth WA AUS"]
[Date "2026.06.24"]
[Round "3"]
[White "Jayasinghe, Attiligoda"]
[Black "Rennie, Mike"]
[Result "1-0"]
[ECO "C41"]
[WhiteElo "903"]
[BlackElo "886"]
[PlyCount "30"]
[EventDate "2026.06.10"]
[EventType "tourn"]
[EventRounds "5"]
[EventCountry "AUS"]
[TimeControl "3600+30"]

1. e4 e5 2. Nf3 d6 3. c3 Bg4 4. Bc4 Be6 5. Bxe6 fxe6 6. d3 Be7 7. d4 Nc6 8. d5
Nd4 9. cxd4 exd4 10. Nxd4 Bf6 11. Qa4+ Qd7 12. Nb5 Kf7 13. dxe6+ Qxe6 14. Nxc7
Qe5 15. Nxa8 Ne7 {Scoresheet not clear} 1-0

[Event "2026 Fred Maris Cup (Division E)"]
[Site "Woodvale, Perth WA AUS"]
[Date "2026.06.24"]
[Round "3"]
[White "Golshiriour, Mohsen"]
[Black "Frankland, David"]
[Result "1-0"]
[ECO "B06"]
[WhiteElo "1041"]
[BlackElo "1092"]
[PlyCount "25"]
[EventDate "2026.06.10"]
[EventType "tourn"]
[EventRounds "5"]
[EventCountry "AUS"]
[TimeControl "3600+30"]

1. e4 d6 2. d4 g6 3. f4 Bg7 4. Nf3 Bg4 5. Bc4 Bxf3 6. Qxf3 c6 7. Be3 b5 8. Bb3
e6 9. e5 d5 10. O-O f6 11. Bd2 fxe5 12. fxe5 a5 13. Qf7# 1-0

[Event "2026 Fred Maris Cup (Division E)"]
[Site "Woodvale, Perth WA AUS"]
[Date "2026.06.24"]
[Round "3"]
[White "Ayles, Jesse"]
[Black "Overste, Brian"]
[Result "1-0"]
[ECO "D10"]
[WhiteElo "968"]
[BlackElo "1068"]
[PlyCount "57"]
[EventDate "2026.06.10"]
[EventType "tourn"]
[EventRounds "5"]
[EventCountry "AUS"]
[TimeControl "3600+30"]

1. d4 d5 2. c4 dxc4 3. Nc3 c6 4. e4 Qa5 5. Bxc4 Nf6 6. Bd2 Qb4 7. Na4 Qxc4 8.
e5 Nd5 9. Ne2 Bg4 10. b3 Qd3 11. f3 Bh5 12. Nc5 Ne3 13. Nxd3 Nxd1 14. g4 Bg6
15. Nef4 h5 16. Nxg6 fxg6 17. Kxd1 hxg4 18. fxg4 Rh4 19. h3 e6 20. Nf4 Kf7 21.
Ke2 Nd7 22. Raf1 g5 23. Ng2+ Kg6 24. Nxh4+ Kh6 25. Rf7 Nb6 26. Rhf1 Nd5 27.
Rxf8 Nf4+ 28. Bxf4 gxf4 29. Rxa8 1-0

[Event "2026 Fred Maris Cup (Division A)"]
[Site "Woodvale, Perth WA AUS"]
[Date "2026.07.01"]
[Round "4"]
[White "Fokaite, Gabriele"]
[Black "Hernandez Mendez, Iker"]
[Result "0-1"]
[ECO "B23"]
[WhiteElo "1977"]
[BlackElo "2060"]
[PlyCount "64"]
[EventDate "2026.06.10"]
[EventType "swiss"]
[EventRounds "6"]
[EventCountry "AUS"]
[TimeControl "3600+30"]

1. e4 c5 2. Nc3 e6 3. f4 a6 4. Nf3 Qc7 5. d3 Nc6 6. Be2 Nge7 7. O-O d5 8. e5
Bd7 9. Kh1 h6 10. Bd2 Nf5 11. Qe1 g5 12. Bd1 Be7 13. Ne2 g4 14. Nfg1 Bh4 15.
Ng3 h5 16. N1e2 Ncd4 17. Nxd4 cxd4 18. c4 dxc4 19. dxc4 O-O-O 20. Bc2 Bc6 21.
Bxf5 exf5 22. b4 Bxg3 23. Qxg3 h4 24. Qd3 Be4 25. Qe2 h3 26. Kg1 hxg2 27. Rfc1
Rh3 28. Be1 d3 29. Qd2 Rxh2 30. Bg3 Rh1+ 31. Kf2 Qd7 32. Rab1 Qd4+ 0-1

[Event "2026 Fred Maris Cup (Division A)"]
[Site "Woodvale, Perth WA AUS"]
[Date "2026.07.01"]
[Round "4"]
[White "Plaganyi, Gyula"]
[Black "Brand, Drew"]
[Result "0-1"]
[ECO "B07"]
[WhiteElo "1914"]
[WhiteTitle "CM"]
[BlackElo "1931"]
[PlyCount "66"]
[EventDate "2026.06.10"]
[EventType "swiss"]
[EventRounds "6"]
[EventCountry "AUS"]
[TimeControl "3600+30"]

1. d4 d6 2. Bf4 Nf6 3. Nc3 g6 4. e4 c6 5. Qd2 h6 6. Be2 Nbd7 7. Nf3 g5 8. Be3
Ng4 9. O-O-O b5 10. h4 Nxe3 11. fxe3 g4 12. Ne1 Nf6 13. Bd3 b4 14. Nb1 Qa5 15.
c4 h5 16. Nc2 c5 17. e5 Nd7 18. exd6 exd6 19. Rhf1 Bh6 20. Qf2 Rf8 21. Bf5 f6
22. Qg3 cxd4 23. Nxd4 Qc5 24. Bg6+ Rf7 25. b3 Ne5 26. Bxf7+ Kxf7 27. Kb2 a5 28.
Qf2 Bg7 29. Nb5 Ra6 30. Qd2 f5 31. Kc2 Nxc4 32. Qd5+ Qxd5 33. Rxd5 Nxe3+ 0-1

[Event "2026 Fred Maris Cup (Division A)"]
[Site "Woodvale, Perth WA AUS"]
[Date "2026.07.01"]
[Round "4"]
[White "Selby, Michael"]
[Black "Hagendoorn, Mark"]
[Result "1-0"]
[ECO "A85"]
[WhiteElo "2048"]
[BlackElo "1656"]
[PlyCount "85"]
[EventDate "2026.06.10"]
[EventType "swiss"]
[EventRounds "6"]
[EventCountry "AUS"]
[TimeControl "3600+30"]

1. d4 f5 2. c4 Nf6 3. Nc3 d6 4. Bg5 Nbd7 5. f3 h6 6. Bh4 g5 7. Bf2 c6 8. e4 e6
9. Bd3 Qe7 10. Qc2 fxe4 11. fxe4 e5 12. d5 Nc5 13. Bxc5 dxc5 14. O-O-O Bg4 15.
Nf3 O-O-O 16. dxc6 bxc6 17. Qa4 Qc7 18. Rhf1 Nd7 19. Be2 Be6 20. Rd3 g4 21. Nh4
h5 22. Rfd1 Bh6+ 23. Kb1 Nb6 24. Qa6+ Kb8 25. b3 Rxd3 26. Bxd3 Rf8 27. Qa5 Nd7
28. Qxc7+ Kxc7 29. Nf5 Bg5 30. Ng7 Bf7 31. Rf1 Be3 32. Be2 Kb6 33. h3 gxh3 34.
gxh3 h4 35. Bg4 Kc7 36. Kc2 Bf4 37. Ne2 Bh6 38. Nf5 Bg5 39. Ng1 Nf6 40. Nf3
Nxe4 41. Nxe5 Nd6 42. Nxd6 Kxd6 43. Rxf7 1-0

[Event "2026 Fred Maris Cup (Division A)"]
[Site "Woodvale, Perth WA AUS"]
[Date "2026.07.01"]
[Round "4"]
[White "Davoll, Josh"]
[Black "Weijermars, Tristan"]
[Result "1/2-1/2"]
[ECO "B21"]
[WhiteElo "2014"]
[BlackElo "1608"]
[PlyCount "70"]
[EventDate "2026.06.10"]
[EventType "swiss"]
[EventRounds "6"]
[EventCountry "AUS"]
[TimeControl "3600+30"]

1. e4 c5 2. f4 Nc6 3. Nf3 e6 4. Bb5 Nge7 5. O-O g6 6. Nc3 Bg7 7. d3 O-O 8. Be3
b6 9. Qe1 Bb7 10. Bxc6 Bxc6 11. Rd1 Qc7 12. Qh4 d5 13. Bc1 dxe4 14. Nxe4 Bxe4
15. dxe4 Rad8 16. Rde1 Rd7 17. g4 Nc6 18. c3 Qd8 19. Qh3 Rd3 20. g5 Qd7 21. Qg4
Rd8 22. h4 Qc7 23. e5 R8d5 24. h5 Qd8 25. hxg6 hxg6 26. Re2 Rd1 27. Be3 Rxf1+
28. Kxf1 Rd1+ 29. Kf2 Ne7 30. Rd2 Rxd2+ 31. Nxd2 Nf5 32. Qe2 Bf8 33. Ne4 Be7
34. Qd2 Qxd2+ 35. Bxd2 Kf8 1/2-1/2

[Event "2026 Fred Maris Cup (Division A)"]
[Site "Woodvale, Perth WA AUS"]
[Date "2026.07.01"]
[Round "4"]
[White "Brophy, Gavin"]
[Black "Elkington, Derek"]
[Result "0-1"]
[ECO "E61"]
[WhiteElo "1430"]
[BlackElo "1815"]
[PlyCount "90"]
[EventDate "2026.06.10"]
[EventType "swiss"]
[EventRounds "6"]
[EventCountry "AUS"]
[TimeControl "3600+30"]

1. d4 Nf6 2. c4 g6 3. Nc3 Bg7 4. Bg5 h6 5. Bxf6 Bxf6 6. Nf3 d6 7. e3 Nd7 8. g3
c5 9. Bg2 cxd4 10. exd4 O-O 11. O-O Nb6 12. b3 Bf5 13. Qd2 g5 14. Qe3 Qd7 15.
Rfe1 Rae8 16. Rad1 Qc8 17. Nb5 a6 18. Nc3 g4 19. Nd2 Bg5 20. Qe2 e5 21. d5 e4
22. Ndxe4 Bxe4 23. Bxe4 f5 24. Qd3 fxe4 25. Nxe4 Qf5 26. Qd4 Nc8 27. a4 Bd8 28.
b4 b6 29. b5 a5 30. Re2 Bc7 31. Rde1 Ne7 32. Qd2 Kh7 33. Qd3 Ng6 34. Rf1 Ne5
35. Qc2 Kg7 36. Qc3 Qf3 37. Re3 Qf5 38. Qd4 Kg8 39. Rfe1 Nf3+ 40. Rxf3 gxf3 41.
Kh1 Re5 42. Qd3 Rfe8 43. Re3 Rxe4 44. Rxf3 Re1+ 45. Kg2 Qxd3 0-1

[Event "2026 Fred Maris Cup (Division A)"]
[Site "Woodvale, Perth WA AUS"]
[Date "2026.07.01"]
[Round "4"]
[White "Janceski, Alex"]
[Black "Mahanidis, Jet"]
[Result "1-0"]
[ECO "E00"]
[WhiteElo "1806"]
[BlackElo "1666"]
[PlyCount "103"]
[EventDate "2026.06.10"]
[EventType "swiss"]
[EventRounds "6"]
[EventCountry "AUS"]
[TimeControl "3600+30"]

1. d4 Nf6 2. c4 e6 3. a3 d5 4. e3 a6 5. Nd2 dxc4 6. Bxc4 b5 7. Be2 c5 8. dxc5
Bxc5 9. b4 Bd6 10. Bb2 Bb7 11. Bf3 Qe7 12. Nb3 Nc6 13. Rc1 Rc8 14. Ne2 O-O 15.
O-O Rfd8 16. Qe1 Ne5 17. Bxb7 Qxb7 18. Bxe5 Bxe5 19. Nbd4 Qe4 20. Ng3 Qd3 21.
Nc6 Bb2 22. Ne7+ Kf8 23. Rxc8 Kxe7 24. Rxd8 Qxd8 25. Qb1 Be5 26. Qc2 h6 27. Rd1
Qb6 28. Ne4 Nd5 29. Qc5+ Qxc5 30. Nxc5 Nc7 31. f4 Bd6 32. Nb7 Ne8 33. Kf2 Bc7
34. Kf3 f5 35. Nc5 a5 36. Rd7+ Kf6 37. Na6 Bb6 38. Rb7 Bd8 39. Rxb5 axb4 40.
axb4 Nd6 41. Rb8 Be7 42. Nc5 g5 43. b5 g4+ 44. Ke2 Nc4 45. Nd7+ Kg7 46. Ne5 Nd6
47. b6 h5 48. g3 Kh7 49. b7 Kg7 50. Re8 Nxe8 51. b8=Q Nf6 52. Qc8 1-0

[Event "2026 Fred Maris Cup (Division A)"]
[Site "Woodvale, Perth WA AUS"]
[Date "2026.07.01"]
[Round "4"]
[White "Curtis, Calan"]
[Black "Gibson, Jacob"]
[Result "0-1"]
[ECO "E01"]
[WhiteElo "1704"]
[BlackElo "2044"]
[PlyCount "40"]
[EventDate "2026.06.10"]
[EventType "swiss"]
[EventRounds "6"]
[EventCountry "AUS"]
[TimeControl "3600+30"]

1. d4 d5 2. c4 c6 3. Nf3 Nf6 4. g3 e6 5. Bg2 Nbd7 6. O-O Bd6 7. Nc3 O-O 8. Qc2
dxc4 9. Rd1 Qe7 10. e4 e5 11. Bg5 h6 12. Bxf6 Nxf6 13. d5 cxd5 14. Nxd5 Nxd5
15. exd5 Qc7 16. Rac1 b5 17. b3 Bg4 18. bxc4 Ba3 19. Rb1 Qxc4 20. Qxc4 bxc4 0-1

[Event "2026 Fred Maris Cup (Division A)"]
[Site "Woodvale, Perth WA AUS"]
[Date "2026.07.01"]
[Round "4"]
[White "Clarke, Daniel"]
[Black "Deng, Eric"]
[Result "1/2-1/2"]
[ECO "B49"]
[WhiteElo "1855"]
[BlackElo "1735"]
[PlyCount "34"]
[EventDate "2026.06.10"]
[EventType "swiss"]
[EventRounds "6"]
[EventCountry "AUS"]
[TimeControl "3600+30"]

1. e4 c5 2. Nf3 Nc6 3. d4 cxd4 4. Nxd4 e6 5. Nc3 a6 6. Be2 Nf6 7. O-O Be7 8.
Be3 O-O 9. Kh1 b5 10. Nxc6 dxc6 11. a3 Bb7 12. f3 Qc7 13. Qe1 Rfd8 14. Qf2 c5
15. Rfd1 Rac8 16. Rxd8+ Rxd8 17. Rd1 Rxd1+ 1/2-1/2

[Event "2026 Fred Maris Cup (Division A)"]
[Site "Woodvale, Perth WA AUS"]
[Date "2026.07.01"]
[Round "4"]
[White "Sheikh, Suhail"]
[Black "Batahena, Ayun"]
[Result "1-0"]
[ECO "C22"]
[WhiteElo "1691"]
[BlackElo "1549"]
[PlyCount "45"]
[EventDate "2026.06.10"]
[EventType "swiss"]
[EventRounds "6"]
[EventCountry "AUS"]
[TimeControl "3600+30"]

1. e4 e5 2. d4 exd4 3. Qxd4 Nc6 4. Qa4 Nf6 5. Nf3 Qe7 6. Bd3 Nb4 7. O-O Nxd3 8.
cxd3 Qb4 9. Qc2 Qc5 10. Nc3 d6 11. Be3 Qh5 12. Nd5 Nxd5 13. exd5 Qxd5 14. Qxc7
Be7 15. Bd4 Bd8 16. Rfe1+ Be6 17. Qc3 Rb8 18. Bxa7 Ra8 19. Qxg7 Rf8 20. Bd4 Ra4
21. b3 Rb4 22. Re4 Be7 23. Rae1 1-0

[Event "2026 Fred Maris Cup (Division A)"]
[Site "Woodvale, Perth WA AUS"]
[Date "2026.07.01"]
[Round "4"]
[White "Smith, Douglas"]
[Black "Michael, Ashley"]
[Result "0-1"]
[ECO "A04"]
[WhiteElo "1463"]
[BlackElo "1663"]
[PlyCount "50"]
[EventDate "2026.06.10"]
[EventType "swiss"]
[EventRounds "6"]
[EventCountry "AUS"]
[TimeControl "3600+30"]

1. Nf3 f5 2. g3 Nc6 3. Bg2 e5 4. d3 Nf6 5. Bg5 h6 6. Bxf6 Qxf6 7. O-O Bc5 8.
Nc3 Qf7 9. a3 d6 10. Re1 Be6 11. e3 O-O-O 12. Na4 g5 13. Nxc5 dxc5 14. Nd2 Ne7
15. e4 f4 16. Nf1 g4 17. f3 h5 18. Qe2 Rdg8 19. b4 c4 20. Red1 cxd3 21. cxd3
Nc6 22. Rab1 fxg3 23. hxg3 Nd4 24. Qf2 gxf3 25. Bh1 h4 0-1

[Event "2026 Fred Maris Cup (Division B)"]
[Site "Woodvale, Perth WA AUS"]
[Date "2026.07.15"]
[Round "4"]
[White "Porteus, Grant"]
[Black "Mohamed, Abdullah"]
[Result "0-1"]
[ECO "B12"]
[WhiteElo "1356"]
[BlackElo "1449"]
[PlyCount "84"]
[EventDate "2026.06.10"]
[EventType "tourn"]
[EventRounds "5"]
[EventCountry "AUS"]
[TimeControl "3600+30"]

1. e4 c6 2. d4 d5 3. f3 g6 4. c3 Bg7 5. Bf4 Nf6 6. Nd2 Qb6 7. Qb3 Nbd7 8. Bd3
O-O 9. Ne2 e5 10. Qxb6 axb6 11. dxe5 Nh5 12. exd5 Nxf4 13. Nxf4 Nxe5 14. Bc2
Bh6 15. Nd3 Nxd3+ 16. Bxd3 Re8+ 17. Kd1 Ra5 18. Ne4 Bg7 19. dxc6 bxc6 20. Kc2
Bf5 21. g4 Be6 22. b3 Rd8 23. Raf1 Bd5 24. g5 Bxe4 25. fxe4 Rc5 26. Bc4 Re8 27.
Re1 b5 28. Bxf7+ Kxf7 29. Rhf1+ Kg8 30. Rd1 Rxc3+ 31. Kb1 Re3 32. Rc1 R3xe4 33.
Rxc6 Re1+ 34. Rc1 R1e2 35. Rc2 Rxc2 36. Kxc2 Rf8 37. Rxf8+ Bxf8 38. Kb2 Be7 39.
h4 b4 40. Kc2 Kf7 41. Kd3 Ke6 42. Ke4 Bd6 0-1

[Event "2026 Fred Maris Cup (Division B)"]
[Site "Woodvale, Perth WA AUS"]
[Date "2026.07.01"]
[Round "4"]
[White "Boswarva, Ernest"]
[Black "Pass, Tony"]
[Result "0-1"]
[ECO "D04"]
[WhiteElo "1334"]
[BlackElo "1370"]
[PlyCount "72"]
[EventDate "2026.06.10"]
[EventType "tourn"]
[EventRounds "5"]
[EventCountry "AUS"]
[TimeControl "3600+30"]

1. d4 d5 2. e3 Nf6 3. Bd3 c6 4. Nd2 g6 5. Ngf3 Bg4 6. b3 Bg7 7. Bb2 Nbd7 8. h3
Bxf3 9. Nxf3 Qc7 10. O-O O-O 11. c4 dxc4 12. Bxc4 Rad8 13. Qc2 Nb6 14. Be2 Rfe8
15. Rac1 Nfd5 16. a3 Bh6 17. Qd3 a5 18. Ne5 Nd7 19. f4 Nxe5 20. dxe5 Nxf4 21.
Qc4 Nd5 22. Bd4 Bxe3+ 23. Bxe3 Nxe3 24. Qxf7+ Kh8 25. Rfe1 Rf8 26. Qe6 Nf5 27.
Qc4 Rd4 28. Qc3 Qb6 29. Kh2 e6 30. Qc5 Qxc5 31. Rxc5 Rd2 32. Bg4 Nh4 33. Rg1 h5
34. Bd1 Rff2 35. Rc3 Nxg2 36. Kh1 Nh4 0-1

[Event "2026 Fred Maris Cup (Division C)"]
[Site "Woodvale, Perth WA AUS"]
[Date "2026.07.01"]
[Round "4"]
[White "Walker, Colin"]
[Black "Lanham, Bruce"]
[Result "1-0"]
[ECO "B20"]
[WhiteElo "1325"]
[BlackElo "1227"]
[PlyCount "131"]
[EventDate "2026.06.10"]
[EventType "tourn"]
[EventRounds "5"]
[EventCountry "AUS"]
[TimeControl "3600+30"]

1. e4 c5 2. d3 Nc6 3. Be3 Nf6 4. Nf3 e6 5. Nbd2 Be7 6. h3 O-O 7. c3 b6 8. Be2
Bb7 9. O-O d5 10. exd5 exd5 11. Nb3 Qc7 12. Qd2 Rad8 13. Bf4 Bd6 14. Bxd6 Qxd6
15. Rae1 Rfe8 16. Nc1 Ne7 17. b3 Ng6 18. Bd1 Re7 19. Rxe7 Nxe7 20. Re1 Re8 21.
Ne2 Ng6 22. Ng3 Rxe1+ 23. Qxe1 Qe6 24. Qxe6 fxe6 25. d4 cxd4 26. Nxd4 e5 27.
Nb5 a6 28. Nd6 Bc6 29. Ndf5 Kf8 30. Be2 b5 31. Ne3 Ne7 32. Nc2 a5 33. Na3 b4
34. cxb4 axb4 35. Nc2 Nd7 36. Nxb4 Bb7 37. f3 Kf7 38. Kf2 Ke6 39. Bd3 g6 40.
Ne2 Nc6 41. Nxc6 Bxc6 42. Nc3 d4 43. Ne2 Nb6 44. Ng3 Nd5 45. Bc4 Kf6 46. Ne4+
Kf5 47. Nd2 Kf4 48. a4 Nb4 49. g3+ Kf5 50. Nb1 e4 51. fxe4+ Kxe4 52. Nd2+ Ke5
53. Bg8 h6 54. Bf7 g5 55. Bc4 Bd7 56. g4 Bc6 57. a5 Bb7 58. Kg3 Bc6 59. h4 Bb7
60. hxg5 hxg5 61. Bb5 Bd5 62. a6 Ba8 63. Nf3+ Ke4 64. Nxg5+ Ke3 65. Ne6 Bd5 66.
Nc5 {Scoresheet not clear} 1-0

[Event "2026 Fred Maris Cup (Division C)"]
[Site "Woodvale, Perth WA AUS"]
[Date "2026.07.01"]
[Round "4"]
[White "Brooke, John"]
[Black "Kereopa, Seth"]
[Result "0-1"]
[ECO "A21"]
[WhiteElo "1250"]
[BlackElo "1288"]
[PlyCount "30"]
[EventDate "2026.06.10"]
[EventType "tourn"]
[EventRounds "5"]
[EventCountry "AUS"]
[TimeControl "3600+30"]

1. c4 e5 2. Nc3 c6 3. d3 d5 4. cxd5 cxd5 5. d4 exd4 6. Qxd4 Nc6 7. Qxd5 Qb6 8.
Qe4+ Be6 9. Nf3 Nf6 10. Qe3 Bc5 11. Qg5 Bxf2+ 12. Kd1 Bb3+ 13. axb3 Qxb3+ 14.
Kd2 Rd8+ 15. Nd4 Rxd4# 0-1

[Event "2026 Fred Maris Cup (Division D)"]
[Site "Woodvale, Perth WA AUS"]
[Date "2026.07.01"]
[Round "4"]
[White "Young, Manfred"]
[Black "Owen, Geoffrey"]
[Result "0-1"]
[ECO "A20"]
[WhiteElo "1145"]
[BlackElo "1195"]
[PlyCount "56"]
[EventDate "2026.06.10"]
[EventType "tourn"]
[EventRounds "5"]
[EventCountry "AUS"]
[TimeControl "3600+30"]

1. c4 e5 2. a3 Nf6 3. d3 c6 4. e4 Bc5 5. h3 d5 6. Be3 Bxe3 7. fxe3 dxe4 8. d4
exd4 9. exd4 O-O 10. Qd2 Re8 11. Qe3 a5 12. Nc3 Qb6 13. O-O-O a4 14. Nge2 Be6
15. Ng3 Na6 16. Nxa4 Qa5 17. Nc3 Nb4 18. axb4 Qxb4 19. Qe2 b5 20. Ngxe4 Bxc4
21. Nxf6+ gxf6 22. Qg4+ Kf8 23. Bxc4 Qxc4 24. Qf4 b4 25. Qxf6 Ra1+ 26. Kc2 b3+
27. Kd2 Rxd1+ 28. Kxd1 Qd3+ 0-1

[Event "2026 Fred Maris Cup (Division D)"]
[Site "Woodvale, Perth WA AUS"]
[Date "2026.07.01"]
[Round "4"]
[White "Lamb, Hannah"]
[Black "Powell, Darren"]
[Result "0-1"]
[ECO "D37"]
[WhiteElo "1114"]
[BlackElo "1164"]
[PlyCount "84"]
[EventDate "2026.06.10"]
[EventType "tourn"]
[EventRounds "5"]
[EventCountry "AUS"]
[TimeControl "3600+30"]

1. d4 d5 2. c4 Nf6 3. Nc3 h6 4. Nf3 e6 5. Bf4 Bb4 6. a3 Bxc3+ 7. bxc3 O-O 8. c5
c6 9. e3 Ne4 10. Bd3 Nxc3 11. Qc2 Qa5 12. O-O Ne4 13. Ne5 b6 14. f3 Nf6 15. Ng4
Nbd7 16. Nxf6+ Nxf6 17. Be5 Ba6 18. Bxf6 Bxd3 19. Qxd3 gxf6 20. f4 Kh8 21. Rf3
Rg8 22. Rh3 Rg6 23. f5 exf5 24. Qxf5 Qd2 25. Qf3 Re8 26. Qf1 Reg8 27. g3 Qxe3+
28. Kh1 Qe4+ 29. Kg1 Qxd4+ 30. Kg2 Qxc5 31. Qf4 Kh7 32. Rc1 Qb5 33. Re1 Qb2+
34. Kh1 Qxa3 35. Rf1 c5 36. Qd6 Re8 37. Qxd5 Kg7 38. Qd7 Re2 39. Rxh6 Kxh6 40.
Qxf7 Rxh2+ 41. Kxh2 Qxg3+ 42. Kh1 Qg2# 0-1